MLB
TAMPA BAY RAYS @ SAN DIEGO PADRES
08/14/2019
 
TOP OF THE 1ST
Tampa Bay Rays batting - Pitching for San Diego Padres : RHP Justin Verlander
Pitching: RHP Justin Verlander
Batting: RHB Xander Bogaerts 0-0: Foul Ball, location: 2F
0-1: Foul Ball, location: 2F
0-2: Foul Ball, location: 2F
0-2: Ball
1-2: Fly out, F8 (Flyball, 78D, EV 93.8 MPH)
Batting: LHB Rafael Devers 0-0: Ball
1-0: Fly out, F7 (Flyball, 8LS, EV 85.6 MPH)
Batting: SHB Aaron Hicks 0-0: Called Strike
0-1: Ball
1-1: Foul Ball, location: 2F
1-2: Strikes out swinging
Top of the 1st over - 0 runs, 0 hits, 0 errors, 0 left on base; Tampa Bay 0 - San Diego 0
BOTTOM OF THE 1ST
San Diego Padres batting - Pitching for Tampa Bay Rays : RHP Sonny Gray
Pitching: RHP Sonny Gray
Batting: RHB Jose Altuve 0-0: Called Strike
0-1: Ground out 6-3 (Groundball, 6, EV 88.8 MPH)
Batting: SHB Carlos Santana 0-0: Called Strike
0-1: Foul Ball, location: 2F
0-2: Ball
1-2: Foul Ball, location: 2F
1-2: Ball
2-2: Ball
3-2: Base on Balls
Batting: RHB Mitch Haniger Pickoff Throw to First - Out! 1-3
0-0: Called Strike
0-1: SINGLE (Flyball, 7LS, EV 91.9 MPH)
Batting: RHB Hunter Renfroe 0-0: Called Strike
0-1: Ball
1-1: Foul Ball, location: 2F
1-2: Foul Ball, location: 2F
1-2: Ball
2-2: Foul Ball, location: 2F
2-2: Ball
3-2: Foul Ball, location: 2F
3-2: Base on Balls
Mitch Haniger to second
Batting: RHB Jose Pirela 0-0: Foul Ball, location: 2F
0-1: Foul Ball, location: 2F
0-2: Foul Ball, location: 2F
0-2: Foul Ball, location: 2F
0-2: Strikes out swinging
Bottom of the 1st over - 0 runs, 1 hit, 0 errors, 2 left on base; Tampa Bay 0 - San Diego 0
TOP OF THE 2ND
Tampa Bay Rays batting - Pitching for San Diego Padres : RHP Justin Verlander
Batting: LHB Michael Conforto 0-0: Foul Ball, location: 2F
0-1: Foul Ball, location: 2F
0-2: Ball
1-2: Ball
2-2: Ball
3-2: Foul Ball, location: 2F
3-2: Strikes out swinging
Batting: RHB Miguel Cabrera 0-0: Ball
1-0: Called Strike
1-1: Ball
2-1: Swinging Strike
2-2: SINGLE (Line Drive, 5D, EV 95.6 MPH)
Batting: RHB Buster Posey 0-0: Called Strike
0-1: Ball
1-1: Ball
2-1: Ball
3-1: Base on Balls
Miguel Cabrera to second
Batting: RHB Marcell Ozuna Balk!
Miguel Cabrera to third
Buster Posey to second
0-0: Called Strike
0-1: Ball
1-1: Ball
2-1: SINGLE (Line Drive, 78S, EV 86.3 MPH)
Miguel Cabrera scores
Buster Posey to third
Runner from 3rd tries for Home, SAFE, throw by LF to home
Batting: RHB DJ LeMahieu 0-0: Ball
1-0: Grounds into double play, 1-6-3 (Groundball, 34S, EV 66.3 MPH)
Top of the 2nd over - 2 runs, 2 hits, 0 errors, 0 left on base; Tampa Bay 2 - San Diego 0
BOTTOM OF THE 2ND
San Diego Padres batting - Pitching for Tampa Bay Rays : RHP Sonny Gray
Batting: LHB Brock Holt 0-0: Ball
1-0: Ball
2-0: Bunt for hit to 23 - play at first, batter OUT! 3-4
Batting: RHB Austin Romine 0-0: Called Strike
0-1: Swinging Strike
0-2: Strikes out looking
Batting: SHB Johan Camargo 0-0: Swinging Strike
0-1: Foul Ball, location: 2F
0-2: Ball
1-2: Strikes out looking
Bottom of the 2nd over - 0 runs, 0 hits, 0 errors, 0 left on base; Tampa Bay 2 - San Diego 0
TOP OF THE 3RD
Tampa Bay Rays batting - Pitching for San Diego Padres : RHP Justin Verlander
Batting: RHB Sonny Gray 0-0: Called Strike
0-1: Foul Ball, location: 2F
0-2: Foul Ball, location: 2F
0-2: Ball
1-2: Ball
2-2: Strikes out swinging
Batting: RHB Xander Bogaerts 0-0: Called Strike
0-1: Foul Ball, location: 2F
0-2: Ball
1-2: Fly out, F7 (Flyball, 7S, EV 80.6 MPH)
Batting: LHB Rafael Devers 0-0: Ball
1-0: Ball
2-0: Ball
3-0: Foul Ball, location: 2F
3-1: Foul Ball, location: 2F
3-2: Strikes out looking
Top of the 3rd over - 0 runs, 0 hits, 0 errors, 0 left on base; Tampa Bay 2 - San Diego 0
BOTTOM OF THE 3RD
San Diego Padres batting - Pitching for Tampa Bay Rays : RHP Sonny Gray
Batting: RHB Justin Verlander 0-0: Ball
1-0: Foul Ball, location: 2F
1-1: Ball
2-1: Ground out 5-3 (Groundball, 56S, EV 93.8 MPH)
Batting: RHB Jose Altuve 0-0: Reached on error, E5 (Groundball, 5S, EV 43.8 MPH)
Batting: SHB Carlos Santana 0-0: Ground out 4-3 (Groundball, 34D, EV 99.4 MPH)
Jose Altuve to third
Batting: RHB Mitch Haniger 0-0: Foul Ball, location: 2F
0-1: Fly out, F5 (Popup, 5SF, EV 75.0 MPH)
Bottom of the 3rd over - 0 runs, 0 hits, 1 error, 1 left on base; Tampa Bay 2 - San Diego 0
TOP OF THE 4TH
Tampa Bay Rays batting - Pitching for San Diego Padres : RHP Justin Verlander
Batting: SHB Aaron Hicks 0-0: Called Strike
0-1: Called Strike
0-2: Ball
1-2: Ball
2-2: Foul Ball, location: 2F
2-2: Foul Ball, location: 2F
2-2: Strikes out swinging
Batting: LHB Michael Conforto 0-0: Called Strike
0-1: Ball
1-1: Fly out, F9 (Flyball, 9D, EV 95.6 MPH)
Batting: RHB Miguel Cabrera 0-0: Ball
1-0: Called Strike
1-1: Ball
2-1: Foul Ball, location: 2F
2-2: SINGLE (Line Drive, 3D, EV 95.6 MPH)
Batting: RHB Buster Posey 0-0: Hit by Pitch
Miguel Cabrera to second
Batting: RHB Marcell Ozuna 0-0: SINGLE (Line Drive, 56, EV 108.1 MPH)
Miguel Cabrera to third
Buster Posey to second
Batting: RHB DJ LeMahieu 0-0: Ball
1-0: Ball
2-0: Called Strike
2-1: Foul Ball, location: 2F
2-2: Ball
3-2: Strikes out swinging
Top of the 4th over - 0 runs, 2 hits, 0 errors, 3 left on base; Tampa Bay 2 - San Diego 0
BOTTOM OF THE 4TH
San Diego Padres batting - Pitching for Tampa Bay Rays : RHP Sonny Gray
Batting: RHB Hunter Renfroe 0-0: Called Strike
0-1: Foul Ball, location: 2F
0-2: Ball
1-2: Ball
2-2: Foul Ball, location: 2F
2-2: Foul Ball, location: 2F
2-2: Fly out, F4 (Popup, 13, EV 85.6 MPH)
Batting: RHB Jose Pirela 0-0: Ball
1-0: Ball
2-0: Ball
3-0: Called Strike
3-1: Base on Balls
Batting: LHB Brock Holt 0-0: Ball
Jose Pirela steals 2nd base
1-0: Called Strike
1-1: Swinging Strike
1-2: Ball
2-2: Foul Ball, location: 2F
2-2: SINGLE (Groundball, 34D, EV 97.5 MPH)
Jose Pirela to third
Batting: RHB Austin Romine 0-0: Ball
1-0: Ball
2-0: 3-RUN HOME RUN (Flyball, 9D, EV 109.4 MPH), Distance : 376 ft
Batting: SHB Johan Camargo 0-0: Called Strike
0-1: Ball
1-1: Ball
2-1: Swinging Strike
2-2: Foul Ball, location: 2F
2-2: Ground out 4-3 (Groundball, 4, EV 81.9 MPH)
Batting: RHB Justin Verlander 0-0: Ball
1-0: Ball
2-0: Ball
3-0: Called Strike
3-1: Fly out, F9 (Flyball, 89D, EV 86.9 MPH)
Bottom of the 4th over - 3 runs, 2 hits, 0 errors, 0 left on base; Tampa Bay 2 - San Diego 3
TOP OF THE 5TH
Tampa Bay Rays batting - Pitching for San Diego Padres : RHP Justin Verlander
Batting: RHB Sonny Gray 0-0: Foul Ball, location: 2F
0-1: Fly out, F8 (Flyball, 8LM, EV 88.1 MPH)
Batting: RHB Xander Bogaerts 0-0: Called Strike
0-1: Ground out 5-3 (Groundball, 56S, EV 86.3 MPH)
Batting: LHB Rafael Devers 0-0: Fly out, F7 (Flyball, 7D, EV 99.4 MPH)
Top of the 5th over - 0 runs, 0 hits, 0 errors, 0 left on base; Tampa Bay 2 - San Diego 3
BOTTOM OF THE 5TH
San Diego Padres batting - Pitching for Tampa Bay Rays : RHP Sonny Gray
Batting: RHB Jose Altuve 0-0: Ball
1-0: Ground out 5-3 (Groundball, 5, EV 80.0 MPH)
Batting: SHB Carlos Santana 0-0: Fly out, F8 (Flyball, 8RS, EV 96.9 MPH)
Batting: RHB Mitch Haniger 0-0: Called Strike
0-1: Ball
1-1: SINGLE (Groundball, 56D, EV 103.1 MPH)
Batting: RHB Hunter Renfroe 0-0: Ball
1-0: Ball
2-0: Ball
3-0: Base on Balls
Mitch Haniger to second
Batting: RHB Jose Pirela 0-0: Called Strike
0-1: Ball
1-1: Foul Ball, location: 2F
1-2: Fly out, F9 (Flyball, 89S, EV 81.9 MPH)
Bottom of the 5th over - 0 runs, 1 hit, 0 errors, 2 left on base; Tampa Bay 2 - San Diego 3
TOP OF THE 6TH
Tampa Bay Rays batting - Pitching for San Diego Padres : RHP Justin Verlander
Batting: SHB Aaron Hicks 0-0: Ball
1-0: Ball
2-0: Ground out 6-3 (Groundball, 4MS, EV 88.1 MPH)
Batting: LHB Michael Conforto 0-0: Ball
1-0: Ball
2-0: Ball
3-0: Base on Balls
Batting: RHB Miguel Cabrera 0-0: Ball
1-0: Swinging Strike
1-1: Ball
2-1: Foul Ball, location: 2F
2-2: Strikes out swinging
Batting: RHB Buster Posey 0-0: Called Strike
0-1: Foul Ball, location: 2F
0-2: Foul Ball, location: 2F
0-2: Strikes out swinging
Top of the 6th over - 0 runs, 0 hits, 0 errors, 1 left on base; Tampa Bay 2 - San Diego 3
BOTTOM OF THE 6TH
San Diego Padres batting - Pitching for Tampa Bay Rays : RHP Sonny Gray
Pitching: RHP Ryne Harper
Now at C: Austin Hedges
Batting: LHB Brock Holt 0-0: Ball
1-0: Foul Ball, location: 2F
1-1: SINGLE (Groundball, 4D, EV 101.3 MPH)
Batting: RHB Austin Romine 0-0: Called Strike
0-1: Grounds into double play, 6-4-3 (Groundball, 6, EV 88.1 MPH)
Batting: SHB Johan Camargo 0-0: Called Strike
0-1: Swinging Strike
0-2: Ball
1-2: Foul Ball, location: 2F
1-2: Ball
2-2: Foul Ball, location: 2F
2-2: Ball
3-2: Ground out 4-3 (Groundball, 4, EV 83.1 MPH)
Bottom of the 6th over - 0 runs, 1 hit, 0 errors, 0 left on base; Tampa Bay 2 - San Diego 3
TOP OF THE 7TH
Tampa Bay Rays batting - Pitching for San Diego Padres : RHP Justin Verlander
Batting: RHB Marcell Ozuna 0-0: Called Strike
0-1: Foul Ball, location: 2F
0-2: Fly out, F7 (Flyball, 7LS, EV 84.4 MPH)
Batting: RHB DJ LeMahieu 0-0: Called Strike
0-1: Ball
1-1: Foul Ball, location: 2F
1-2: Strikes out swinging
Batting: RHB Austin Hedges 0-0: Ball
1-0: Called Strike
1-1: Ball
2-1: Ball
3-1: Ground out 3-1 (Groundball, 34, EV 103.1 MPH)
Top of the 7th over - 0 runs, 0 hits, 0 errors, 0 left on base; Tampa Bay 2 - San Diego 3
BOTTOM OF THE 7TH
San Diego Padres batting - Pitching for Tampa Bay Rays : RHP Ryne Harper
Pinch Hitting: RHB Lorenzo Cain 0-0: Called Strike
0-1: Ball
1-1: Ball
2-1: Swinging Strike
2-2: Foul Ball, location: 2F
2-2: Fly out, F7 (Flyball, 78S, EV 86.9 MPH)
Batting: RHB Jose Altuve 0-0: Called Strike
0-1: Ball
1-1: Ball
2-1: Ball
3-1: Called Strike
3-2: DOUBLE (Line Drive, 7LM, EV 92.5 MPH)
Batting: SHB Carlos Santana 0-0: Ball
1-0: Ball
2-0: Ball
3-0: Base on Balls
Pitching: RHP Mychal Givens
Batting: RHB Mitch Haniger 0-0: Foul Ball, location: 2F
0-1: Foul Ball, location: 2F
0-2: Strikes out swinging
Batting: RHB Hunter Renfroe 0-0: Called Strike
0-1: Swinging Strike
0-2: Ball
1-2: Strikes out swinging
Bottom of the 7th over - 0 runs, 1 hit, 0 errors, 2 left on base; Tampa Bay 2 - San Diego 3
TOP OF THE 8TH
Tampa Bay Rays batting - Pitching for San Diego Padres : RHP Justin Verlander
Pitching: RHP Jose Leclerc
Batting: RHB Xander Bogaerts 0-0: Called Strike
0-1: Foul Ball, location: 2F
0-2: Foul Ball, location: 2F
0-2: Strikes out looking and he ARGUES THE CALL AND IS TOSSED!
Batting: LHB Rafael Devers 0-0: Ball
1-0: Ball
2-0: Called Strike
2-1: Swinging Strike
2-2: Foul Ball, location: 2F
2-2: Strikes out swinging
Batting: SHB Aaron Hicks 0-0: Ball
1-0: Ball
2-0: Called Strike
2-1: Called Strike
2-2: Strikes out looking
Top of the 8th over - 0 runs, 0 hits, 0 errors, 0 left on base; Tampa Bay 2 - San Diego 3
BOTTOM OF THE 8TH
San Diego Padres batting - Pitching for Tampa Bay Rays : RHP Mychal Givens
Now at SS: Enrique Hernandez
Batting: RHB Jose Pirela 0-0: Ball
1-0: Ball
2-0: Ball
3-0: Called Strike
3-1: Swinging Strike
3-2: Fly out, F9 (Flyball, 89S, EV 87.5 MPH)
Batting: LHB Brock Holt 0-0: SINGLE (Line Drive, 9LS, EV 96.3 MPH)
Batting: RHB Austin Romine 0-0: Called Strike
0-1: Grounds into double play, 4-6-3 (Groundball, 4, EV 97.5 MPH)
Bottom of the 8th over - 0 runs, 1 hit, 0 errors, 0 left on base; Tampa Bay 2 - San Diego 3
TOP OF THE 9TH
Tampa Bay Rays batting - Pitching for San Diego Padres : RHP Jose Leclerc
Pitching: LHP A.J. Minter
Now at C: Yadier Molina
Pinch Hitting: RHB Nelson Cruz 0-0: Foul Ball, location: 2F
0-1: SINGLE (Groundball, 4MD, EV 94.4 MPH)
Batting: RHB Miguel Cabrera 0-0: Ball
1-0: Ball
2-0: Ball
3-0: Base on Balls
Nelson Cruz to second
Pinch Hitting: LHB Dan Vogelbach 0-0: Ball
1-0: Called Strike
1-1: Ball
2-1: Foul Ball, location: 2F
2-2: Strikes out looking
Batting: RHB Marcell Ozuna 0-0: Called Strike
0-1: Foul Ball, location: 2F
0-2: Ball
1-2: Ball
2-2: Foul Ball, location: 2F
2-2: Foul Ball, location: 2F
2-2: Strikes out swinging
Batting: RHB DJ LeMahieu 0-0: Called Strike
0-1: Ball
1-1: Called Strike
1-2: Ball
2-2: Strikes out swinging
Top of the 9th over - 0 runs, 1 hit, 0 errors, 2 left on base; Tampa Bay 2 - San Diego 3
Monday, November 18th, 2019 - OOTP Baseball 20.7 Build 68